 Dungeon Crawl Stone Soup version 0.27-a0-263-gc8dee61f84 (webtiles) character file.

Game seed: 18156223449934306368

15082 knot the Cleaver (level 11, 0/112 HPs)
             Began as a Demonspawn Berserker on Feb 5, 2021.
             Was an Elder of Trog.
             Slain by a lindwurm (7 damage)
             ... on level 2 of the Lair of Beasts.
             The game lasted 00:24:16 (18325 turns).

knot the Cleaver (Demonspawn Berserker)            Turns: 18325, Time: 00:24:17

Health: 0/112      AC: 18    Str: 18    XL:     11   Next: 97%
Magic:  20/20      EV: 11    Int: 18    God:    Trog [****..]
Gold:   702        SH:  0    Dex: 13    Spells: 10/10 levels left

rFire    . . .     SeeInvis .   K - +0 battleaxe
rCold    . . .     Faith    .   (shield currently unavailable)
rNeg     . . .     Spirit   .   n - +4 ring mail
rPois    .         Reflect  .   T - +2 hat {Int+3}
rElec    .         Harm     .   m - +1 cloak
rCorr    .         Rampage  .   j - +0 pair of gloves
Will     .....                  (no boots)
Stlth    ..........             (no amulet)
HPRegen  0.28/turn              M - ring of magical power
MPRegen  0.34/turn              I - +4 ring of protection

@: berserking, studying Axes, very quick
A: claws 2, magic regeneration, big brain 2
a: Renounce Religion, Berserk, Trog's Hand, Brothers in Arms


You were on level 2 of the Lair of Beasts.
You worshipped Trog.
Trog was greatly pleased with you.
You visited 3 branches of the dungeon, and saw 14 of its levels.

You collected 702 gold pieces.

Inventory:

Hand Weapons
 K - a +0 battleaxe (weapon)
 R - a +4 morningstar
Missiles
 c - 97 sling bullets
 l - 360 stones (quivered)
 u - 56 poisoned darts
 x - 3 throwing nets
 C - 25 boomerangs
 D - 6 datura-tipped darts
 N - 8 atropa-tipped darts
Armour
 j - a +0 pair of gloves (worn)
 m - a +1 cloak (worn)
 n - a +4 ring mail (worn)
 A - the +1 leather armour of Luasse {rF+}
   (You found it on level 4 of the Dungeon)

   It protects you from fire.
 T - a +2 hat of intelligence (worn)
 V - +0 acid dragon scales
Jewellery
 o - a +6 ring of strength
 r - an uncursed ring of flight
 E - an uncursed amulet of guardian spirit
 G - an uncursed ring of ice
 I - a +4 ring of protection (right hand)
 M - a ring of magical power (left hand)
 Q - an uncursed ring of magical power
Wands
 s - a wand of polymorph (15)
 H - a wand of iceblast (14)
 O - a wand of digging (8)
 U - a wand of mindburst (8)
Scrolls
 a - a scroll of identify
 b - 10 scrolls of teleportation
 d - 2 scrolls of amnesia
 g - 4 scrolls of remove curse
 i - 3 scrolls of immolation
 p - 2 scrolls of fear
 q - 2 scrolls of magic mapping
 v - 2 scrolls of fog
 w - a scroll of blinking
 y - 2 scrolls of enchant armour
 F - a scroll of enchant weapon
 P - a scroll of vulnerability
Potions
 k - 2 potions of heal wounds
 t - 2 potions of berserk rage
 B - 2 potions of curing
 J - 3 potions of resistance
 S - a potion of might
 W - a potion of haste


   Skills:
 - Level 3.0 Fighting
 * Level 13.4 Axes
 * Level 11.8 Throwing
 - Level 1.7 Armour
 - Level 1.7 Dodging


You had 10 spell levels left.
You didn't know any spells.
Your spell library contained the following spells:

 Spells                   Type           Power        Failure   Level
 Shock                    Conj/Air       0%           36%         1
 Swiftness                Air            0%           50%         2
 Confusing Touch          Hex            0%           75%         3
 Gell's Gravitas          Tloc           0%           75%         3
 Ignite Poison            Fire/Tmut/Pois 0%           75%         3
 Static Discharge         Conj/Air       0%           75%         3
 Airstrike                Air            0%           98%         4
 Petrify                  Tmut/Erth      0%           98%         4
 Fireball                 Conj/Fire      0%           100%        5
 Lightning Bolt           Conj/Air       0%           100%        5
 Metabolic Englaciation   Hex/Ice        0%           100%        5
 Yara's Violent Unravell  Hex/Tmut       0%           100%        5
 Starburst                Conj/Fire      0%           100%        6
 Ignition                 Fire           0%           100%        8


Dungeon Overview and Level Annotations

Branches:
Dungeon (11/15)            Temple (1/1) D:4            Lair (2/6) D:8
    Orc (0/2) D:9
  Swamp: Lair:2-4    Shoals: Lair:2-4     Snake: Lair:2-4    Spider: Lair:2-4

Altars:
Ashenzari
Cheibriados
Dithmenos
Elyvilon
Fedhas
Gozag
Hepliaklqana
Kikubaaqudgha
Makhleb
Nemelex Xobeh
Okawaru
Qazlal
Ru
Sif Muna
Trog
Uskayaw
Vehumet
Wu Jian
Xom
Yredelemnul
Zin
The Shining One

Shops:
D:4 ?


Innate Abilities, Weirdness & Mutations

You have very sharp fingernails.
You regenerate magic rapidly.
You have an extremely huge brain. (Int +4)


Message History

The lindwurm is heavily wounded.
You barely miss the lindwurm.
The lindwurm is heavily wounded.
The lindwurm bites you. The lindwurm misses you.
The lindwurm claws you but does no damage.
You hit the lindwurm.
The lindwurm is heavily wounded.
The lindwurm breathes flames at you. The blast of flame hits you!!!
* * * LOW HITPOINT WARNING * * *
You hit the lindwurm.
The lindwurm is heavily wounded.
You hit the lindwurm but do no damage.
The lindwurm is heavily wounded.
The lindwurm bites you but does no damage.
The lindwurm barely misses you. The lindwurm closely misses you.
You slash the lindwurm!
The lindwurm is almost dead.
The lindwurm bites you!
You die...

#..####..## P. #.#
#...#.# ....#. .#
..###..[.####......##.
.###..........# ....
## ##......##.# ...
.###.#.....P# ..
#.#.#####..## .# #..##
#..## ##k# ..## ###.##
#@## .## ##.###..# .
##.....## # ##.....# .
#......... #.........
#...#...#.. ..###..##
# #P.. ..#


You could see a lindwurm.

Vanquished Creatures
  A boulder beetle (D:11)
  A two-headed ogre (D:11)
  An unseen horror (D:10)
  An oklob plant (Lair:1)
  A gargoyle (D:10)
  A cane toad (Lair:1)
  Psyche (D:11)
  A komodo dragon (D:10)
  Grinder (D:3)
  A queen bee (D:8)
  A hornet (D:9)
  A wraith (D:10)
  3 wyverns
  2 basilisks
  6 yaks
  Menkaure (D:5)
  An acid dragon (D:11)
  2 water moccasins (D:8)
  3 sky beasts
  3 ice beasts
  5 orc warriors
  2 black bears (D:10)
  7 necrophages
  4 ogres
  2 wolves
  8 centaurs
  A phantom (D:11)
  9 bullfrogs
  A wyvern zombie (D:10)
  4 scorpions
  A water moccasin skeleton (D:7)
  4 wights (D:10)
  5 killer bees
  A howler monkey (D:8)
  2 bullfrog zombies
  4 jellies
  4 centaur zombies (D:10)
  A gnoll shaman (D:5)
  6 orc priests
  4 hounds
  Crazy Yiuf (D:2)
  A bullfrog skeleton (D:7)
  12 orc wizards
  Ijyb (D:5)
  5 worker ants
  2 killer bee zombies
  3 hound zombies
  A howler monkey zombie (D:6)
  3 hound skeletons
  A mummy (D:10)
  2 worker ant zombies
  Robin (D:2)
  14 gnolls
  A howler monkey skeleton (D:9)
  12 adders
  3 shadow imps
  4 white imps
  2 ufetubi
  9 oozes
  2 adder skeletons
  6 worms
  5 dart slugs
  4 leopard geckos
  44 orcs
  3 giant cockroaches
  14 goblins
  12 hobgoblins
  5 jackals
  21 kobolds
  7 quokkas
  4 bats
  4 frilled lizards
  A jackal zombie (D:5)
  A quokka skeleton (D:7)
  A quokka zombie (D:5)
  6 rats
326 creatures vanquished.

Vanquished Creatures (collateral kills)
  Gastronok (D:11)
  A hydra (Lair:1)
  2 wyverns (D:8)
  3 yaks (D:8)
  A water moccasin (D:8)
  An orc warrior (D:8)
  A necrophage (D:10)
  An ogre (D:10)
  A centaur (D:7)
  A big kobold (D:8)
  9 killer bees (D:8)
  A wight (D:10)
  2 iguanas
  An orc wizard (D:8)
  2 mummies (D:10)
  A leopard gecko (D:8)
  3 orcs (D:8)
  3 kobolds (D:8)
35 creatures vanquished.

Vanquished Creatures (others)
  3 wolves (Lair:2)
  A water moccasin zombie (D:10)
  18 fungi
  89 plants
  5 toadstools (D:2)
  6 withered plants (D:10)
122 creatures vanquished.

Grand Total: 483 creatures vanquished

Notes
Turn   | Place    | Note
-------+----------+-------------------------------------------
     0 | D:1      | knot the Demonspawn Berserker began the quest for the Orb.
     0 | D:1      | Reached XP level 1. HP: 18/18 MP: 1/1
   168 | D:1      | Reached skill level 3 in Axes
   300 | D:1      | Gained mutation: You regenerate magic rapidly. [demonic
                  | ancestry]
   300 | D:1      | Reached XP level 2. HP: 22/24 MP: 2/2
   820 | D:2      | Reached XP level 3. HP: 29/29 MP: 3/3
   878 | D:2      | Reached skill level 4 in Axes
  1317 | D:2      | Found a basalt altar of Yredelemnul.
  1351 | D:2      | Found a stormy altar of Qazlal.
  1690 | D:2      | Noticed Robin
  1698 | D:2      | Reached XP level 4. HP: 30/35 MP: 4/4
  1698 | D:2      | Reached ** piety under Trog
  1709 | D:2      | Killed Robin
  2161 | D:2      | Reached skill level 5 in Axes
  2165 | D:2      | Gained mutation: You have sharp fingernails. [demonic
                  | ancestry]
  2165 | D:2      | Reached XP level 5. HP: 26/41 MP: 5/5
  2503 | D:2      | Found a runed translucent door.
  2504 | D:2      | Noticed Crazy Yiuf
  2513 | D:2      | Killed Crazy Yiuf
  2514 | D:2      | Reached skill level 6 in Axes
  3031 | D:3      | Found a snail-covered altar of Cheibriados.
  3145 | D:3      | Gained mutation: You have an unusually large brain. (Int
                  | +2) [demonic ancestry]
  3145 | D:3      | Reached XP level 6. HP: 47/47 MP: 6/6
  3257 | D:3      | Reached *** piety under Trog
  3620 | D:3      | Noticed Grinder
  3648 | D:3      | Paralysed by Grinder for 6 turns
  3660 | D:3      | Killed Grinder
  3956 | D:3      | Reached XP level 7. HP: 46/52 MP: 7/7
  4325 | D:4      | Reached skill level 7 in Axes
  4426 | D:4      | Found Yrisim's Magic Scroll Shop.
  4536 | D:4      | Found a staircase to the Ecumenical Temple.
  4576 | D:4      | Got a dazzling leather armour
  4954 | Temple   | Entered the Ecumenical Temple
  5031 | D:5      | Entered Level 5 of the Dungeon
  5078 | D:5      | Identified the +1 leather armour of Luasse {rF+} (You found
                  | it on level 4 of the Dungeon)
  5081 | D:5      | Noticed Ijyb
  5091 | D:5      | Killed Ijyb
  5730 | D:5      | Noticed Menkaure
  5739 | D:5      | Killed Menkaure
  5740 | D:5      | Reached XP level 8. HP: 58/58 MP: 8/8
  6000 | D:5      | Reached skill level 8 in Axes
  6431 | D:5      | Reached skill level 5 in Throwing
  6593 | D:6      | Found a bloodstained altar of Trog.
  7265 | D:6      | Reached skill level 9 in Axes
  7269 | D:6      | Reached **** piety under Trog
  7466 | D:6      | You fall into a shaft and drop 3 floors!
  7484 | D:7      | Found a sparkling altar of Nemelex Xobeh.
  7608 | D:7      | Gained mutation: You have an extremely huge brain. (Int +4)
                  | [demonic ancestry]
  7608 | D:7      | Reached XP level 9. HP: 54/63 MP: 9/9
  9791 | D:8      | Reached skill level 10 in Axes
 10077 | D:8      | Found a staircase to the Lair.
 10252 | D:8      | Reached XP level 10. HP: 28/70 MP: 10/10
 11020 | D:8      | Found a shadowy altar of Dithmenos.
 11021 | D:8      | Found a shimmering blue altar of Sif Muna.
 11370 | D:8      | Reached skill level 11 in Axes
 11951 | D:9      | Found a staircase to the Orcish Mines.
 12197 | D:9      | Paralysed by a hornet for 3 turns
 12655 | D:9      | Found a bloodstained altar of Trog.
 12656 | D:9      | Found an iron altar of Okawaru.
 12666 | D:9      | Found a shadowy altar of Dithmenos.
 13410 | D:9      | Found a sacrificial altar of Ru.
 13801 | D:10     | Entered Level 10 of the Dungeon
 14150 | D:10     | Noticed a gargoyle
 14162 | D:10     | Reached skill level 10 in Throwing
 14167 | D:10     | Killed a gargoyle
 14199 | D:10     | Gained mutation: You have very sharp fingernails. [demonic
                  | ancestry]
 14199 | D:10     | Reached XP level 11. HP: 38/75 MP: 11/11
 14344 | D:10     | Reached ***** piety under Trog
 14424 | D:10     | Reached skill level 12 in Axes
 14773 | D:10     | Found a glowing silver altar of Zin.
 15088 | D:10     | Killed an unseen horror
 15639 | D:11     | Noticed a two-headed ogre
 15639 | D:11     | Noticed Psyche
 15651 | D:11     | Killed Psyche
 15656 | D:11     | Killed a two-headed ogre
 15915 | D:11     | Noticed Gastronok
 15931 | D:11     | Killed Gastronok
 16354 | D:11     | Found an ornate altar of the Wu Jian Council.
 16436 | D:11     | Noticed a boulder beetle
 16453 | D:11     | Killed a boulder beetle
 16633 | Lair:1   | Entered Level 1 of the Lair of Beasts
 16747 | Lair:1   | Found a glowing silver altar of Zin.
 16748 | Lair:1   | Noticed an oklob plant
 16754 | Lair:1   | Killed an oklob plant
 16791 | Lair:1   | Identified a scroll of acquirement
 16791 | Lair:1   | Acquired a manual of Axes
 16809 | Lair:1   | Noticed an eight-headed hydra
 16813 | Lair:1   | Reached skill level 13 in Axes
 16820 | Lair:1   | Killed a nine-headed hydra
 18130 | Lair:2   | Noticed a seven-headed hydra
 18311 | Lair:2   | Noticed a lindwurm
 18325 | Lair:2   | Slain by a lindwurm

Illustrated notes

Levels and vault maps discovered:
D:1:      dpeg_arrival_oval, layout_basic
D:2:      cheibrodos_fertilizer, layout_basic, grunt_qazlal_clouds,
          lemuel_doored_altar, uniq_crazy_yiuf_cottage, uniq_robin
D:3:      wad_woods_tower, layout_rooms, kennysheep_slug_shrine, serial_forest,
          infiniplex_forest_clump_large, infiniplex_forest_lined_room_2,
          infiniplex_forest_fountain, infiniplex_forest_clump_tiny,
          infiniplex_forest_end_2, infiniplex_forest_lined_3_way,
          infiniplex_forest_clump_small, infiniplex_forest_clump_small,
          infiniplex_forest_straight_3, uniq_grinder
D:4:      layout_rooms, minmay_temple_entry_tees, serial_shops,
          kennysheep_mini_moat
D:5:      layout_rooms, uniq_ijyb, uniq_menkaure
D:6:      layout_loops_ring, bloody_trog
D:7:      layout_layer_cave, overflow_temple_1_default, minmay_fractal_squares_5
D:8:      layout_loops_corners, nicolae_overflow_hidden_temple,
          minmay_lair_entry_grove, nrook_mini_backslash,
          nicolae_looking_at_the_future
D:9:      layout_stronghold, grunt_temple_overflow_bloody_war,
          old_standard_altar, david_orc_2, nicolae_dithmenos_shadow_blocks
D:10:     layout_rooms, basic_altar, serial_undead, serial_undead_d,
          serial_undead_a, serial_undead_b, serial_undead_e, serial_undead_c,
          serial_undead_a, serial_undead_e, serial_undead_a, serial_undead_c,
          serial_undead_d
D:11:     layout_rooms, gammafunk_ghost_cemetery, basic_altar, uniq_psyche,
          uniq_gastronok
Temple:   cyrus_circular_temple
Lair:1:   layout_gridlike, special_room, lemuel_oklob_altar, grunt_megastairs_5,
          lemuel_fruit_fields
Lair:2:   lemuel_slime, layout_layer_cave, chequers_serial_rivers_room_b,
          nzn_sisyphean_effort, lemuel_fruit_tree, uniq_prince_ribbit2,
          uniq_fannar

Skill      XL: |  1  2  3  4  5  6  7  8  9 10 11 |
---------------+----------------------------------+-----
Axes           | 3 4 5 6 7 9 10 11 13 | 13.4
Throwing       | 2 4 6 8 10 11 | 11.8
Fighting       | |  3.0
Armour         | |  1.7
Dodging        | |  1.7

Action                   |  1- 3 |  4- 6 |  7- 9 | 10-12 || total
-------------------------+-------+-------+-------+-------++-------
Melee: Hand axe          |    95 |   174 |   320 |       ||   589
       Unarmed           |       |       |     8 |       ||     8
       War axe           |       |       |   124 |       ||   124
       Battleaxe         |       |       |    35 |   441 ||   476
       Morningstar       |       |       |       |     3 ||     3
Throw: Dart              |       |     9 |    21 |    39 ||    69
       Boomerang         |       |       |     8 |       ||     8
       Javelin           |       |       |       |     9 ||     9
       Stone             |       |       |       |     2 ||     2
Invok: Berserk           |       |     5 |    11 |    14 ||    30
       Trog's Hand       |       |     3 |     5 |     3 ||    11
       Brothers in Arms  |       |       |     3 |     3 ||     6
Evoke: Wand              |       |       |       |    10 ||    10
  Use: Scroll            |       |       |     5 |    17 ||    22
       Potion            |       |       |     1 |     4 ||     5
 Stab: Distracted        |       |       |       |     2 ||     2
Armor: Animal skin       |     4 |       |       |       ||     4
       Ring mail         |    33 |    63 |   208 |   296 ||   600
Dodge: Dodged            |    55 |    75 |   271 |   324 ||   725

Table legend: (Time is in decaauts)
 A = Elapsed time spent in this place.
 B = Non-inter-level travel time spent in this place.
 C = Inter-level travel time spent in this place.
 D = Time resting spent in this place.
 E = Time spent auto-exploring this place.
 F = Levels seen in this place.
 G = Mean time per level.
                   A        B        C        D        E       F      G
               +--------+--------+--------+--------+--------+-----+--------+
         Total |  18606 |  18137 |    469 |   6028 |   9602 |  14 | 1329.0 |
       Dungeon |  16833 |  16414 |    419 |   5184 |   8843 |  11 | 1530.3 |
        Temple |     61 |     52 |      9 |      0 |     52 |   1 |   61.0 |
          Lair |   1710 |   1670 |     40 |    844 |    707 |   2 |  855.0 |
               +--------+--------+--------+--------+--------+-----+--------+

Top non-repeatable levels by time:
    D:10: 2204 daAuts
     D:7: 2116 daAuts
     D:9: 2105 daAuts
     D:2: 1729 daAuts
     D:3: 1717 daAuts
  Lair:1: 1631 daAuts
     D:8: 1597 daAuts
     D:5: 1566 daAuts
     D:6: 1373 daAuts
     D:1: 952 daAuts
     D:4: 811 daAuts
    D:11: 661 daAuts
  Lair:2: 79 daAuts
  Temple: 61 daAuts
